 Dungeon Crawl Stone Soup version 0.24.0-125-gc4c63601f3 (webtiles) character file.

Game seed: 8741020681761233653, levelgen mode: deterministic

2564 Defined the Fighter (level 9, -4/81 HPs)
             Began as a Minotaur Berserker on Feb 22, 2020.
             Was an Elder of Trog.
             Slain by a wyvern (8 damage)
             ... on level 8 of the Dungeon.
             The game lasted 00:16:26 (6215 turns).

Defined the Fighter (Minotaur Berserker)            Turns: 6215, Time: 00:16:27

Health: -4/81      AC: 10    Str: 25    XL:     9   Next: 31%
Magic:  8/8        EV: 13    Int:  4    God:    Trog [****..]
Gold:   230        SH:  0    Dex: 10    Spells: 8/8 levels left

rFire    + . .     SeeInvis .   D - +9 spear of Enutac {flame, rPois}
rCold    . . .     Gourm    .   (no shield)
rNeg     . . .     Faith    .   r - +1 scale mail {rF+}
rPois    +         Spirit   .   (helmet restricted)
rElec    .         Reflect  .   H - scarf {cloud immunity}
rCorr    .         Harm     .   (no gloves)
MR       ++...                  y - +0 pair of boots
Stlth    ..........             (no amulet)
HPRegen  1.23/turn              m - ring of flight
MPRegen  0.11/turn              (no ring)

@: regenerating
A: retaliatory headbutt, horns 2
a: Berserk, Trog's Hand, Brothers in Arms, Renounce Religion, Evoke Flight


You were on level 8 of the Dungeon.
You worshipped Trog.
Trog was greatly pleased with you.
You were hungry.

You visited 1 branch of the dungeon, and saw 8 of its levels.

You collected 240 gold pieces.
You spent 10 gold pieces at shops.

Inventory:

Hand Weapons
 w - a +1 hand crossbow
 D - the +9 spear of Enutac (weapon) {flame, rPois}
   (You found it on level 6 of the Dungeon)

   It has been specially enchanted to burn those struck by it, causing extra
   injury to most foes and up to half again as much damage against particularly
   susceptible opponents.
   It protects you from poison.
Missiles
 h - 37 poisoned darts (quivered)
 t - 14 boomerangs
 O - 52 bolts
Armour
 r - a +1 scale mail of fire resistance (worn)
 y - a +0 pair of boots (worn)
 G - a +0 large shield
 H - a scarf of cloud immunity (worn)
Jewellery
 m - a ring of flight (left hand)
Wands
 p - a wand of random effects (14)
 I - a wand of iceblast (8)
 K - a wand of paralysis (8)
Scrolls
 b - a scroll of amnesia {unknown}
 e - 2 scrolls of teleportation {unknown}
 f - a scroll of magic mapping {unknown}
 g - 6 scrolls of remove curse
 j - 2 scrolls of blinking {unknown}
 k - 10 scrolls of identify
 u - 2 scrolls of immolation {unknown}
 v - 3 scrolls of random uselessness {unknown}
 x - 3 scrolls of fog {unknown}
 L - a scroll of enchant armour {unknown}
 N - a scroll of fear {unknown}
Potions
 i - a potion of berserk rage {unknown}
 l - a potion of magic {unknown}
 n - 3 potions of heal wounds {unknown}
 q - 2 potions of flight {unknown}
 s - 2 potions of lignification {unknown}
 z - 2 potions of curing {unknown}
 A - a potion of might {unknown}
 B - 4 potions of haste {unknown}
 E - a potion of agility {unknown}
 F - a potion of invisibility {unknown}
 M - a potion of cancellation {unknown}
Comestibles
 a - 2 chunks of flesh
 c - 17 rations


   Skills:
 + Level 8.1 Fighting
   Level 7.2(7.7) Axes
 + Level 4.2(6.3) Polearms
 + Level 7.3 Armour
 + Level 6.7 Dodging
 + Level 4.3 Shields


You had 8 spell levels left.
You didn't know any spells.
Your spell library was empty.

Dungeon Overview and Level Annotations

Branches:
Dungeon (8/15)             Temple (0/1) D:5
   Lair: D:8-11

Altars:
Ashenzari
Dithmenos
Kikubaaqudgha
Okawaru
Sif Muna
Trog

Shops:
D:5 *

Annotations:
D:5 1 runed translucent door, cultivahabas's ghost, novice MiMo


Innate Abilities, Weirdness & Mutations

You reflexively headbutt those who attack you in melee.
You have a pair of horns on your head.


Message History

You hit the orc. You burn the orc.
You kill the orc!
Trog accepts your kill.
The bullfrog hits you but does no damage.
The wyvern barely misses you. The centaur hits you.
Your ogre hits the centaur with a +0 giant spiked club!!
The centaur dies!
Trog accepts your kill.
You barely miss the orc. The bullfrog barely misses you.
The wyvern completely misses you.
The orc warrior hits you with a +0 glaive!!
* * * LOW HITPOINT WARNING * * *
You swap places.
The wyvern hisses menacingly.
The wyvern bites you!
* * * LOW HITPOINT WARNING * * *
The bullfrog closely misses your ogre. The orc barely misses your ogre.
Your ogre closely misses the wyvern.
The bullfrog hits your ogre. The wyvern bites you!
You die...

#........### ####........#
##.....#..(..## ##
##.............## ...
#......<........# ....
#.........)...[.#
.....#####......)........#
>....(oo##.........!......
#oO@................
#Fl..(.............#
.....###.............##
...#... .............## ##
#....###........... #....
...(.. #.##. ..#... #. ..
.?##.. ## ..


You could see an orc warrior, a wyvern, a bullfrog, an orc priest, an orc and a
friendly ogre (berserk).

Vanquished Creatures
  A spriggan (D:7)
  Eustachio (D:4)
  2 phantoms (D:7)
  2 sky beasts
  An ice beast (D:6)
  A necrophage (D:7)
  2 ogres
  2 centaurs (D:7)
  Blork the orc (D:4)
  A big kobold (D:7)
  3 bullfrogs
  A water moccasin zombie (D:7)
  2 scorpions (D:4)
  4 bullfrog zombies
  2 jellies
  A hound (D:7)
  Terence (D:2)
  2 iguanas (D:7)
  7 worker ants
  4 orc wizards
  2 hound zombies
  3 gnolls (D:6)
  8 adders
  A shadow imp (D:7)
  An adder zombie (D:7)
  3 oozes
  5 worms
  6 leopard geckos
  31 orcs
  4 giant cockroaches
  4 goblins
  7 hobgoblins
  5 jackals
  A quokka (D:7)
  9 bats
  8 frilled lizards
  20 kobolds
  A leopard gecko skeleton (D:4)
  A quokka skeleton (D:6)
  A quokka zombie (D:6)
  7 rats
169 creatures vanquished.

Vanquished Creatures (collateral kills)
  A centaur (D:8)
1 creature vanquished.

Grand Total: 170 creatures vanquished

Notes
Turn   | Place    | Note
-------+----------+-------------------------------------------
     0 | D:1      | Defined the Minotaur Berserker began the quest for the Orb.
     0 | D:1      | Reached XP level 1. HP: 19/19 MP: 0/0
   126 | D:1      | Reached XP level 2. HP: 21/27 MP: 1/1
   450 | D:1      | Reached skill level 4 in Fighting
   737 | D:2      | Reached XP level 3. HP: 10/33 MP: 2/2
  1015 | D:2      | Reached ** piety under Trog
  1280 | D:2      | Noticed Terence
  1295 | D:2      | Killed Terence
  1295 | D:2      | Reached skill level 5 in Axes
  1295 | D:2      | Reached XP level 4. HP: 30/41 MP: 3/3
  1504 | D:2      | Noticed a moth of wrath
  1508 | D:2      | Found a bloodstained altar of Trog.
  1824 | D:3      | Found a shimmering blue altar of Sif Muna.
  1847 | D:3      | Found a shadowy altar of Dithmenos.
  2760 | D:4      | Reached XP level 5. HP: 47/47 MP: 4/4
  2992 | D:4      | Reached skill level 5 in Fighting
  3082 | D:4      | Reached XP level 6. HP: 52/56 MP: 5/5
  3193 | D:4      | Reached *** piety under Trog
  3328 | D:4      | Noticed Blork the orc
  3342 | D:4      | Killed Blork the orc
  3355 | D:4      | Noticed Eustachio
  3365 | D:4      | Killed Eustachio
  3365 | D:4      | Reached XP level 7. HP: 62/62 MP: 6/6
  3583 | D:5      | Entered Level 5 of the Dungeon
  3583 | D:5      | Found a runed translucent door.
  3583 | D:5      | Noticed cultivahabas's ghost (novice MiMo)
  3616 | D:5      | Reached skill level 6 in Fighting
  3616 | D:5      | Reached skill level 5 in Armour
  3720 | D:5      | Found a staircase to the Ecumenical Temple.
  3793 | D:5      | Found Gesoamiu's General Store.
  3807 | D:5      | Bought a potion of degeneration for 10 gold pieces
  4197 | D:5      | Found a shimmering blue altar of Sif Muna.
  4200 | D:5      | Reached skill level 5 in Dodging
  4607 | D:6      | Found a shattered altar of Ashenzari.
  4649 | D:6      | Reached XP level 8. HP: 65/71 MP: 7/7
  4671 | D:6      | Got a crude spear
  4679 | D:6      | Identified the +9 spear of Enutac {flame, rPois} (You found
                  | it on level 6 of the Dungeon)
  4750 | D:6      | Reached **** piety under Trog
  4846 | D:6      | Reached skill level 1 in Polearms
  4846 | D:6      | Reached skill level 1 in Shields
  4880 | D:6      | Reached skill level 7 in Fighting
  5716 | D:7      | Reached XP level 9. HP: 80/80 MP: 8/8
  5731 | D:7      | Found an iron altar of Okawaru.
  5791 | D:7      | Reached skill level 8 in Fighting
  5909 | D:7      | Found an ancient bone altar of Kikubaaqudgha.
  6215 | D:8      | HP: 4/81 [wyvern (7)]
  6215 | D:8      | Slain by a wyvern

Levels and vault maps discovered:
D:1:      saegor_arrival_simple_c, layout_basic
D:2:      layout_basic, tgw_trog, uniq_terence
D:3:      layout_loops_corners, amethyst_overflow_temple_binary, first_ration
D:4:      layout_gridville, hangedman_abyss_or_decor_passed, uniq_eustachio,
          uniq_blork_the_orc
D:5:      layout_basic, minmay_temple_entry_overgrown, serial_shops,
          nicolae_shop_stone, hellmonk_ghost_happy_afterlife,
          chequers_serial_rivers_room_b, led_sif_book
D:6:      layout_rooms, evilmike_ruin_ashenzari
D:7:      layout_cave_pods, nicolae_overflow_hidden_temple, okawaru_gym_becter,
          the_bakery, grunt_decor_fettered
D:8:      layout_rooms, grunt_temple_overflow_open, serial_shops, shop,
          kennysheep_nub, minivault_29

Skill      XL: |  1  2  3  4  5  6  7  8  9 |
---------------+----------------------------+-----
Axes           | 4 5 6 7 |  7.2
Fighting       | 4 5 6 7 8 |  8.1
Armour         | 3 4 5 6 7 |  7.3
Dodging        | 3 4 5 6 |  6.7
Polearms       | 3 4 |  4.2
Shields        | 3 4 |  4.3

Action                   |  1- 3 |  4- 6 |  7- 9 || total
-------------------------+-------+-------+-------++-------
Melee: Hand axe          |    77 |       |       ||    77
       Headbutt          |    14 |    23 |    28 ||    65
       Whip              |     7 |   110 |       ||   117
       War axe           |       |     9 |    48 ||    57
       Spear             |       |       |   116 ||   116
Throw: Dart              |       |     5 |    20 ||    25
Invok: Berserk           |     1 |     1 |       ||     2
       Trog's Hand       |       |     2 |     1 ||     3
       Brothers in Arms  |       |       |     1 ||     1
  Use: Scroll            |       |       |     3 ||     3
  Eat: Chunk             |     2 |     8 |     6 ||    16
       Ration            |       |     1 |       ||     1
Armor: Animal skin       |    36 |       |       ||    36
       Scale mail        |       |    34 |    47 ||    81
Dodge: Dodged            |    65 |   100 |    72 ||   237
